 Dungeon Crawl Stone Soup version 0.32-a0-450-g080537f31e (webtiles) character file.

Game seed: 1397877454490680626

6260 jasper the Cleaver (level 10, -7/75 HPs)
             Began as a Coglin Chaos Knight on Feb 23, 2024.
             Was an Elder of Okawaru.
             Mangled by a hornet (11 damage)
             ... while paralysed by a hornet
             ... on level 9 of the Dungeon.
             The game lasted 00:24:27 (7005 turns).

jasper the Cleaver (Coglin Chaos Knight)            Turns: 7005, Time: 00:24:28

Health: -7/75      AC:  9    Str: 17    XL:     10   Next: 93%
Magic:  9/11       EV:  2    Int: 15    God:    Okawaru [****..]
Gold:   956        SH:  0    Dex: 12    Spells: 9/9 levels left

rFire   . . .        s - +0 trident {Theobald}
rCold   . . .        I - +0 broad axe {Harkiran}
rNeg    . . .        b - +2 leather armour
rPois   .            (no helmet)
rElec   .            (no cloak)
rCorr   .            (no gloves)
SInv    .            g - +2 pair of boots
Will    .....        (no amulet)
Stlth   ++++         v - +5 ring of evasion
HPRegen 1.12/turn    (no ring)
MPRegen 0.12/turn

%: no passive effects
@: paralysed, lethally poisoned (-7 -> -13), heroic, weakened, slowed, studying
Unarmed Combat, revved
A: off-hand wielding, slow wielding, warmup strikes, legs shutdown, clever 1,
regeneration 1, inability to read after injury 1
a: Renounce Religion, Heroism, Finesse


You were on level 9 of the Dungeon.
You worshipped Okawaru.
Okawaru was greatly pleased with you.
You visited 2 branches of the dungeon, and saw 10 of its levels.

You collected 956 gold pieces.

Inventory:

Hand Weapons
 a - a +0 hand axe of chaos {Ulric}
 e - a +1 trident {Somchit}
 n - a +0 hand axe
 s - a +0 trident (weapon) {Theobald}
 B - a +0 war axe {Fatehjeet}
 I - a +0 broad axe (offhand) {Harkiran}
Missiles
 o - 3 curare-tipped darts
 r - 36 poisoned darts (quivered)
 x - 85 stones
 C - 6 boomerangs
Armour
 b - a +2 leather armour (worn)
 g - a +2 pair of boots (worn)
 y - a +0 troll leather armour
 F - a scarf of harm
Jewellery
 q - a ring of wizardry
 v - a +5 ring of evasion (left grasper)
Wands
 u - a wand of polymorph (5)
 D - a wand of paralysis (3)
 E - a wand of flame (13)
Scrolls
 d - 2 scrolls of noise
 m - 2 scrolls of revelation
 t - 6 scrolls of teleportation
 w - 2 scrolls of vulnerability
 G - a scroll of enchant armour
Potions
 c - 2 potions of attraction
 f - 2 potions of haste
 h - 3 potions of curing
 i - a potion of brilliance
 j - 3 potions of mutation
 k - a potion of resistance {unknown}
 l - 3 potions of heal wounds {unknown}
 p - a potion of degeneration {unknown}
 z - 3 potions of might
 A - a potion of lignification {unknown}
 H - a potion of ambrosia {unknown}


   Skills:
 - Level 5.6(10.6) Fighting
 - Level 9.8(16.4) Axes
 - Level 8.5(15.2) Polearms
 - Level 1.7(6.7) Armour
 - Level 4.2(9.2) Dodging
 + Level 4.2(9.2) Stealth
 - Level 2.2 Invocations
 - Level 4.1 Evocations


You had 9 spell levels left.
You didn't know any spells.
Your spell library contained the following spells:

 Spells                   Type           Power      Damage    Failure   Level
 Apportation              Tloc           0%         N/A       32%         1
 Necrotise                Necr           0%         1d4       32%         1
 Sandblast                Erth           0%         2d4       32%         1
 Sting                    Conj/Alch      0%         1d3       32%         1
 Mercury Vapours          Alch/Air       0%         N/A       43%         2
 Sublimation of Blood     Necr           0%         N/A       43%         2
 Mephitic Cloud           Conj/Alch/Air  0%         N/A       67%         3
 Passwall                 Erth           0%         N/A       67%         3
 Stone Arrow              Conj/Erth      0%         3d7       67%         3
 Brom's Barrelling Bould  Conj/Erth      0%         2d3       97%         4
 Petrify                  Alch/Erth      0%         N/A       97%         4
 Freezing Cloud           Conj/Ice/Air   0%         6-21      100%        5
 Irradiate                Conj/Alch      0%         3d11      100%        5
 Summon Small Mammal      Summ           Unusable   N/A       N/A         1
 Call Canine Familiar     Summ           Unusable   N/A       N/A         3
 Summon Blazeheart Golem  Fire/Summ      Unusable   N/A       N/A         4

Dungeon Overview and Level Annotations

Branches:
Dungeon (9/15)             Temple (1/1) D:5             Orc (0/2) D:9
   Lair: D:8-11

Altars:
Ashenzari
Cheibriados
Dithmenos
Fedhas
Hepliaklqana
Kikubaaqudgha
Makhleb
Okawaru
Qazlal
Ru
Sif Muna
Trog
Uskayaw
Vehumet
Yredelemnul
Zin
The Shining One


Innate Abilities, Weirdness & Mutations

You can wield a second weapon in your off-hand.
It takes a long time for you to wield or remove held weapons.
Your first few attacks do less damage.
Attacking and casting redirects power from your legs.
Your mind is acute. (Int +4, Str/Dex -1)
Your natural rate of healing is unusually fast.
You occasionally lose the ability to read scrolls when taking damage.


Message History

You barely miss the killer bee with your +0 broad axe.
You hit the hornet but do no damage. The hornet stings you!
You are poisoned.
You feel yourself slow down. The killer bee stings you.
The hornet closely misses you.
You take 12 damage, and have 56/75 hp.
You barely miss the killer bee with your +0 trident.
You barely miss the killer bee with your +0 broad axe.
You closely miss the hornet with your +0 broad axe.
You feel very sick. The killer bee stings you.
The killer bee barely misses you. The hornet stings you!
You feel as though you will be slow longer.
The killer bee barely misses you. The howler monkey misses you.
The hornet barely misses you.
You take 14 damage, and have 42/75 hp.
You gain the combat prowess of a mighty hero.
You can no longer enter into single combat with a foe.
Okawaru will no longer gift you throwing weapons.
You are no longer unable to travel.
You feel very sick. The killer bee completely misses you.
The killer bee closely misses you. The hornet stings you!
You suddenly lose the ability to move!
The howler monkey barely misses you.
The gnoll bouda gazes fiercely through you!
You feel your attacks grow feeble. The killer bee stings you.
* * * LOW HITPOINT WARNING * * *
The hornet stings you!
* * * LOW HITPOINT WARNING * * *
You are lethally poisoned!
You shrug off the repeated paralysis!
* * * LOW HITPOINT WARNING * * *
You feel very sick.
The killer bee stings you but does no damage.
The howler monkey hoots and howls with incredible vigour!
A centaur comes into view.
The hornet stings you!
You die...
Xom titters!

....##...#
.........#
#.......#
#.......#
#########
###########
...$...@hg#
.......yy.#
#+##########..#
#...... ..#
#..# #.... ..c
# #..# #..#
.... #. #..##
#..# .#### ...
#.... #..# ##
.... #.... #..#
.....#....


You could see a hornet, a centaur, a gnoll bouda, a howler monkey (catching
breath) and a killer bee.

Vanquished Creatures
  A centaur warrior (D:8)
  2 two-headed ogres
  An ugly thing (D:6)
  An unseen horror (D:8)
  A troll (D:8)
  2 hornets
  A yak (D:9)
  A wyvern (D:8)
  A human (D:7)
  2 sky beasts
  An orc warrior (D:8)
  An ogre (D:6)
  5 centaurs
  2 phantoms (D:5)
  3 kobold brigands
  3 bullfrogs (D:9)
  5 scorpions
  6 killer bees (D:7)
  5 howler monkeys
  A crimson imp (D:6)
  A bombardier beetle (D:7)
  2 hounds
  2 orc priests
  A sleepcap (D:6)
  6 iguanas
  7 orc wizards
  5 gnolls (D:4)
  10 adders
  2 white imps
  An ufetubus (D:6)
  4 dart slugs
  4 ribbon worms
  37 orcs
  An orc (shapeshifter) (D:4)
  8 ball pythons
  8 endoplasms
  8 giant cockroaches
  17 goblins
  10 hobgoblins
  5 jackals
  28 kobolds
  2 quokkas
  7 bats
  4 frilled lizards
  A jackal skeleton (D:7)
  13 rats
239 creatures vanquished.

Vanquished Creatures (others)
  A rat zombie (D:1)
1 creature vanquished.

Grand Total: 240 creatures vanquished

Notes
Turn   | Place    | Note
-------+----------+-------------------------------------------
     0 | D:1      | jasper the Coglin Chaos Knight began the quest for the Orb.
     0 | D:1      | Reached XP level 1. HP: 18/18 MP: 1/1
    60 | D:1      | You fall into a shaft and drop 1 floor!
    82 | D:2      | Found an ancient bone altar of Kikubaaqudgha.
   143 | D:1      | Reached XP level 2. HP: 24/24 MP: 2/2
   149 | D:1      | Reached skill level 1 in Polearms
   254 | D:1      | XOM: potion effect (might)
   423 | D:1      | Reached XP level 3. HP: 29/29 MP: 3/3
   556 | D:1      | XOM: silly message
   587 | D:1      | Reached skill level 1 in Stealth
   629 | D:1      | XOM: divination: detect creatures
   704 | D:1      | XOM: scenery: summon butterflies
   924 | D:1      | XOM is BORED!
   924 | D:1      | XOM: stat loss: -2 Int (9/11)
  1133 | D:2      | XOM: 6-stop teleportation journey
  1148 | D:2      | Reached XP level 4. HP: 34/35 MP: 4/4
  1154 | D:2      | XOM: silly message
  1219 | D:2      | XOM: give mutations
  1219 | D:2      | Gained mutation: You have a pair of small antennae on your
                  | head. [Xom's grace]
  1219 | D:2      | Gained mutation: Your natural rate of healing is unusually
                  | fast. [Xom's grace]
  1219 | D:2      | Gained mutation: Your mind is acute. (Int +4, Str/Dex -1)
                  | [Xom's grace]
  1652 | D:3      | Noticed a water moccasin
  1653 | D:3      | XOM: enchant monster (bad)
  1751 | D:3      | XOM: god gift: 48 gold pieces
  1832 | D:3      | Found a faded altar of an unknown god.
  1850 | D:3      | XOM: noise
  1898 | D:3      | Reached skill level 4 in Axes
  1956 | D:3      | Found a hazy altar of Hepliaklqana.
  1988 | D:3      | Reached XP level 5. HP: 35/41 MP: 5/5
  2225 | D:4      | Found a snail-covered altar of Cheibriados.
  2249 | D:4      | a bombardier beetle changed into a shapeshifter
  2249 | D:4      | Noticed a shapeshifter (shapeshifter)
  2249 | D:4      | XOM: polymorph bombardier beetle -> shapeshifter
  2249 | D:4      | a shapeshifter changed into an orc
  2297 | D:4      | XOM: scenery: 2 doors open
  2318 | D:4      | XOM: silly message
  2462 | D:4      | Reached XP level 6. HP: 47/47 MP: 6/6
  2528 | D:4      | XOM: 2-stop teleportation journey
  2533 | D:4      | Reached skill level 5 in Axes
  2655 | D:4      | XOM: noise
  2680 | D:4      | XOM: give mutations
  2680 | D:4      | Gained mutation: You occasionally lose the ability to read
                  | scrolls when taking damage. [Xom's mischief]
  2680 | D:4      | Lost mutation: You have a pair of small antennae on your
                  | head. [Xom's mischief]
  2805 | D:4      | XOM: stat loss: -1 Str (13/14)
  2809 | D:4      | Reached XP level 7. HP: 52/52 MP: 7/7
  2862 | D:4      | XOM: 3-stop teleportation journey
  2949 | D:4      | XOM: silly message
  3145 | D:5      | Entered Level 5 of the Dungeon
  3199 | D:5      | XOM: stat loss: -1 Dex (11/12)
  3251 | D:5      | Found a staircase to the Ecumenical Temple.
  3264 | Temple   | Entered the Ecumenical Temple
  3278 | Temple   | Fell from the grace of Xom
  3278 | Temple   | Became a worshipper of Warmaster Okawaru
  3407 | D:5      | Found a glowing golden altar of the Shining One.
  3429 | D:5      | Reached skill level 6 in Axes
  3520 | D:5      | Noticed a two-headed ogre
  3538 | D:5      | Noticed a hornet
  3542 | D:5      | Paralysed by a hornet for 2 turns
  3549 | D:5      | Killed a two-headed ogre
  3549 | D:5      | Reached * piety under Okawaru
  3549 | D:5      | Reached ** piety under Okawaru
  3550 | D:5      | Reached skill level 7 in Axes
  3550 | D:5      | Reached XP level 8. HP: 26/58 MP: 8/8
  3556 | D:5      | Killed a hornet
  3577 | D:5      | Reached skill level 8 in Axes
  3656 | D:5      | XOM: summons 2 hostile demons
  3676 | D:5      | Reached XP level 9. HP: 63/63 MP: 9/9
  3944 | D:5      | Reached skill level 1 in Invocations
  4114 | D:5      | XOM: cloud trail
  4435 | D:6      | XOM: summons 4 hostile shadow creatures
  4508 | D:6      | Noticed a green ugly thing
  4521 | D:6      | Killed a green ugly thing
  4521 | D:6      | Reached *** piety under Okawaru
  4680 | D:6      | XOM: noise
  4819 | D:6      | XOM: cloud trail
  4852 | D:6      | Found a burning altar of Makhleb.
  4941 | D:6      | Reached skill level 9 in Axes
  5050 | D:6      | XOM: noise
  5123 | D:6      | Identified a scroll of acquirement
  5123 | D:6      | Acquired 384 gold pieces
  5195 | D:7      | Found a runed translucent door.
  5196 | D:7      | Found a basalt altar of Yredelemnul.
  5604 | D:7      | XOM: silly message
  5626 | D:7      | Reached **** piety under Okawaru
  5643 | D:7      | Reached XP level 10. HP: 59/70 MP: 11/11
  5646 | D:7      | XOM: divination: magic mapping
  5675 | D:7      | Reached skill level 1 in Dodging
  5833 | D:7      | Reached skill level 1 in Evocations
  5893 | D:7      | XOM: noise
  6121 | D:8      | XOM: noise
  6255 | D:8      | Noticed a two-headed ogre
  6264 | D:8      | Killed a two-headed ogre
  6417 | D:8      | Found a hide-covered altar of Uskayaw.
  6488 | D:8      | Found a snail-covered altar of Cheibriados.
  6510 | D:8      | Killed an unseen horror
  6623 | D:8      | Found a sacrificial altar of Ru.
  6623 | D:8      | Noticed a centaur warrior
  6640 | D:8      | Killed a centaur warrior
  6641 | D:8      | Reached skill level 5 in Fighting
  6879 | D:9      | Found a bloodstained altar of Trog.
  6916 | D:9      | Reached ***** piety under Okawaru
  6960 | D:9      | Found a staircase to the Orcish Mines.
  6960 | D:9      | XOM: 7-stop teleportation journey
  6989 | D:9      | Noticed a tengu warrior
  7004 | D:9      | Paralysed by a hornet for 2 turns
  7005 | D:9      | Mangled by a hornet

Illustrated notes

Levels and vault maps discovered:
D:1:      dpeg_arrival_arbitrary_b, layout_loops_ring
D:2:      layout_loops_cross, basic_altar, eino_curves_02
D:3:      layout_basic, old_standard_altar, chequers_ecumenical_altar_grove,
          grunt_ministairs_8, minmay_misc_feat_four_crosses,
          minmay_misc_feat_iff, st_stairs_3
D:4:      corexii_shantytown, layout_gridville, amcnicky_altar_gilded,
          st_stairs_6
D:5:      cheibrodos_quashed, layout_loops_ring, nicolae_overflow_hidden_temple,
          minmay_temple_entry_offerings, minmay_chambers_of_fives
D:6:      layout_gridville, makhleb_grotto_becter, kennysheep_small_spiral,
          minmay_manual_monolith
D:7:      layout_loops_corners, dk_yredelemnul_ordeal
D:8:      layout_rooms, lemuel_round_altar, hangedman_feature_mirror
D:9:      minmay_quarter_circles, layout_gridville,
          lemuel_mausoleum_altar_kikubaaqudgha, mainiacjoe_overflow_24_doors,
          mainiacjoe_overflow_alcove_3, uniq_maurice
Temple:   hellmonk_temple_rainy

Skill      XL: |  1  2  3  4  5  6  7  8  9 10 |
---------------+-------------------------------+-----
Polearms       | 1 2 3 4 6 8 |  8.5
Stealth        | 1 2 4 |  4.2
Axes           | 4 5 7 8 9 |  9.8
Invocations    | 2 |  2.2
Dodging        | 4 |  4.2
Evocations     | 4 |  4.1
Fighting       | 5 |  5.6
Armour         | |  1.7

Action                     |  1- 3 |  4- 6 |  7- 9 | 10-12 || total
---------------------------+-------+-------+-------+-------++-------
  Melee: Hand axe          |    47 |    55 |       |       ||   102
         Trident           |    60 |   270 |   324 |    94 ||   748
         War axe           |       |       |   206 |    38 ||   244
         Broad axe         |       |       |       |    58 ||    58
  Throw: Stone             |     4 |     6 |       |       ||    10
         Dart              |       |     6 |    25 |     3 ||    34
 Invoke: Heroism           |       |       |     1 |     4 ||     5
  Evoke: Wand              |       |       |     7 |     3 ||    10
    Use: Scroll            |       |     8 |    13 |     2 ||    23
         Potion            |       |     1 |       |     1 ||     2
   Stab: Sleeping          |     3 |    15 |     6 |     1 ||    25
         Paralysed         |       |       |       |     5 ||     5
 Armour: Leather armour    |    21 |    59 |   125 |    92 ||   297
  Dodge: Dodged            |    22 |    82 |   196 |   111 ||   411

Table legend: (Time is in decaauts)
 A = Elapsed time spent in this place.
 B = Non-inter-level travel time spent in this place.
 C = Inter-level travel time spent in this place.
 D = Time resting spent in this place.
 E = Time spent auto-exploring this place.
 F = Levels seen in this place.
 G = Mean time per level.
                   A        B        C        D        E       F      G
               +--------+--------+--------+--------+--------+-----+--------+
         Total |   7000 |   6555 |    445 |    455 |   4273 |  10 |  700.0 |
       Dungeon |   6972 |   6540 |    432 |    455 |   4273 |   9 |  774.7 |
        Temple |     28 |     15 |     13 |      0 |      0 |   1 |   28.0 |
               +--------+--------+--------+--------+--------+-----+--------+

Top non-repeatable levels by time:
     D:6: 1020 daAuts
     D:1: 926 daAuts
     D:5: 924 daAuts
     D:4: 898 daAuts
     D:7: 846 daAuts
     D:2: 777 daAuts
     D:8: 729 daAuts
     D:3: 610 daAuts
     D:9: 238 daAuts
  Temple: 28 daAuts
